 Dungeon Crawl Stone Soup version 0.30-a0-365-ge7f957f1db (webtiles) character file.

Game seed: 12019905909412705463

5819 mopl the Covert (level 10, -2/69 HPs)
             Began as an Octopode Brigand on Nov 17, 2022.
             Was a Believer of Dithmenos.
             Engulfed by a fire crab (shapeshifter)'s flame (11 damage)
             ... on level 10 of the Dungeon.
             The game lasted 00:15:06 (9945 turns).

mopl the Covert (Octopode Brigand)                  Turns: 9945, Time: 00:15:07

Health: -2/69      AC:  1    Str: 10    XL:     10   Next: 80%
Magic:  10/10      EV: 16    Int: 18    God:    Dithmenos [**....]
Gold:   614        SH:  5    Dex: 14    Spells: 9/9 levels left

rFire   . . .      SeeInvis .    a - +3 short sword (venom)
rCold   . . .      Faith    .    (no shield)
rNeg    . . .      Spirit   .    (helmet restricted)
rPois   .          Reflect  +    x - amulet of reflection
rElec   .          Harm     .    (no ring)
rCorr   .          Rampage  .    (no ring)
Will    .....                    (no ring)
Stlth   +++++++...               (no ring)
HPRegen 0.31/turn                (no ring)
MPRegen 0.12/turn                (no ring)
                                 (no ring)
                                 (no ring)

@: hasted, wreathed by umbra, invisible, very quick
A: almost no armour, amphibious, 8 rings, camouflage 1, gelatinous body 1,
(nimble swimmer 1), tentacles
a: Renounce Religion, Shadow Step


You were on level 10 of the Dungeon.
You worshipped Dithmenos.
Dithmenos was pleased with you.
You visited 2 branches of the dungeon, and saw 11 of its levels.

You collected 614 gold pieces.

Inventory:

Hand Weapons
 a - a +3 short sword of venom (weapon)
 b - a +0 dagger of holy wrath
 u - a +2 vorpal dagger
 B - the +3 flail "Kerchel" {vorpal, rPois rF++ rN+ Stlth-}
   (You found it on level 6 of the Dungeon)

   It inflicts extra damage upon your enemies.
   rF:        It greatly protects you from fire.
   rPois:     It protects you from poison.
   rN:        It protects you from negative energy.
   Stlth:     It makes you less stealthy.
 H - a +2 scimitar
Missiles
 c - 3 curare-tipped darts
 d - 4 throwing nets
 g - 20 poisoned darts (quivered)
 i - 6 datura-tipped darts
 m - 10 boomerangs
Jewellery
 x - an amulet of reflection (around mantle)
Wands
 l - a wand of digging (5)
 s - a wand of light (13)
 C - a wand of iceblast (4)
Scrolls
 j - a scroll of enchant weapon
 k - a scroll of brand weapon
 n - a scroll of magic mapping {unknown}
 o - a scroll of teleportation {unknown}
 q - 2 scrolls of blinking {unknown}
 r - 2 scrolls of butterflies {unknown}
 t - a scroll of immolation
 w - 2 scrolls of enchant armour {unknown}
 y - a scroll of amnesia {unknown}
 D - a scroll of vulnerability {unknown}
 F - a scroll of torment {unknown}
Potions
 e - a potion of cancellation
 f - 5 potions of lignification {!q}
 h - 3 potions of haste
 v - a potion of curing
 z - a potion of magic
 A - a potion of mutation {unknown}
 E - a potion of invisibility
 G - a potion of resistance {unknown}
 I - a potion of brilliance {unknown}


   Skills:
 + Level 6.9 Fighting
 - Level 2.0(4.5) Short Blades
 + Level 6.5(6.6) Long Blades
 + Level 7.1 Throwing
 + Level 6.6 Dodging
 + Level 10.7 Stealth
 + Level 5.9 Evocations


You had 9 spell levels left.
You didn't know any spells.
Your spell library contained the following spells:

 Spells                   Type           Power      Damage    Failure   Level
 Beastly Appendage        Tmut           0%         N/A       22%         1
 Freeze                   Ice            0%         1d3       22%         1
 Summon Small Mammal      Summ           0%         N/A       22%         1
 Wereblood                Tmut           0%         N/A       32%         2
 Call Canine Familiar     Summ           0%         N/A       54%         3
 Frozen Ramparts          Ice            0%         1d1       54%         3
 Hailstorm                Conj/Ice       0%         3d3       54%         3
 Spider Form              Tmut/Pois      0%         N/A       54%         3
 Summon Guardian Golem    Hex/Summ       0%         N/A       54%         3


Dungeon Overview and Level Annotations

Branches:
Dungeon (10/15)            Temple (1/1) D:4             Orc (0/2) D:9
   Lair: D:8-11

Altars:
Ashenzari
Cheibriados
Dithmenos
Elyvilon
Fedhas
Gozag
Hepliaklqana
Kikubaaqudgha
Makhleb
Nemelex Xobeh
Okawaru
Qazlal
Ru
Sif Muna
Trog
Uskayaw
Vehumet
Wu Jian
Xom
Yredelemnul
Zin
The Shining One

Annotations:
D:3 2 transporters
D:8 1 runed translucent door, DEFE's ghost, novice DsWn


Innate Abilities, Weirdness & Mutations

You cannot wear most types of armour.
You are amphibious.
You can wear up to eight rings at the same time.
Your skin changes colour to match your surroundings (Stealth+).
Your rubbery body absorbs attacks. (AC +1, EV +1)
((You are camouflaged when in or above water. (Stealth+)))
You have tentacles for arms and can constrict up to eight enemies at once.


Message History

You barely miss the killer bee. Your squeeze misses the killer bee.
The killer bee is almost dead.
You constrict the killer bee.
You kill the killer bee!
Dithmenos accepts your kill.
You feel sick.
You start resting.
You feel sick. x4
You are no longer poisoned.
You start resting.
HP restored.
You now have 575 gold pieces (gained 18).
You now have 592 gold pieces (gained 17).
You see here a killer bee corpse.
You now have 614 gold pieces (gained 22).
Done exploring.
Done exploring.
(D) Dungeon (T) Temple (O) Orcish Mines
Where to? (Enter - D:8 @ (x,y), ? - help)
What level of the Dungeon? (default 1, ? - help)
There is an open door here.
There is a stone staircase leading down here.
You climb downwards.
Found a book of Frost.
There is a stone staircase leading up here.
A fire crab is nearby!
The fire crab breathes flames at you. The blast of flame engulfs you!
It was a potion of haste.
You feel yourself speed up.
You are engulfed in blazing flames.
It was a potion of invisibility.
You fade into invisibility!
The fire crab breathes flames at you. The blast of flame engulfs you.
* * * LOW HITPOINT WARNING * * *
You feel better.
* * * LOW HITPOINT WARNING * * *
The fire crab closely misses you. x2
You hit the fire crab.
The fire crab is poisoned.
You grab the fire crab.
The fire crab is lightly wounded.
You die...

#####
..:
...
#.#
#.#
#<#
#.#
#@#
#t#
#.#
#..
###


You could see a fire crab (unable to see you, very poisoned).

Vanquished Creatures
  Amaemon (D:9)
  Pikel (D:7)
  A kobold demonologist (D:8)
  A hornet (D:9)
  3 yaks (D:9)
  3 wyverns
  A steam dragon (D:6)
  3 black bears
  4 orc warriors (D:9)
  3 sky beasts
  2 centaurs (D:6)
  A phantom (D:5)
  4 lemures
  4 bullfrogs
  A kobold brigand (D:9)
  2 necrophages
  A gnoll sergeant (D:8)
  4 scorpions
  4 wights
  6 killer bees
  3 howler monkeys
  A hound (D:7)
  A jelly (D:6)
  An orc priest (D:3)
  7 orc wizards
  2 iguanas
  6 gnolls
  9 adders
  A shadow imp (D:8)
  3 ufetubi
  A worm (D:3)
  A dart slug (D:4)
  31 orcs
  6 endoplasms
  3 giant cockroaches
  4 goblins
  8 hobgoblins
  4 jackals
  9 kobolds
  3 quokkas
  A ball python (D:1)
  2 bats (D:3)
  3 frilled lizards
  4 rats
164 creatures vanquished.

Vanquished Creatures (collateral kills)
  A yak (D:9)
  An orc warrior (D:9)
  An orc priest (D:9)
  An orc wizard (D:9)
  2 gnolls (D:8)
  3 orcs (D:9)
9 creatures vanquished.

Vanquished Creatures (others)
  An orange demon (D:9)
  2 yaks (D:9)
  5 plants (D:2)
8 creatures vanquished.

Grand Total: 181 creatures vanquished

Notes
Turn   | Place    | Note
-------+----------+-------------------------------------------
     0 | D:1      | mopl the Octopode Brigand began the quest for the Orb.
     0 | D:1      | Reached XP level 1. HP: 14/14 MP: 1/1
   271 | D:1      | Reached XP level 2. HP: 19/19 MP: 2/2
   707 | D:2      | Reached XP level 3. HP: 24/24 MP: 3/3
   762 | D:2      | Reached skill level 1 in Long Blades
  1101 | D:2      | Reached XP level 4. HP: 30/30 MP: 4/4
  1740 | D:3      | Found a transporter.
  1821 | D:3      | Reached skill level 2 in Dodging
  1821 | D:3      | Reached skill level 6 in Stealth
  2018 | D:3      | Found a transporter.
  2142 | D:3      | Reached XP level 5. HP: 18/36 MP: 5/5
  2484 | D:4      | Reached skill level 2 in Long Blades
  2491 | D:4      | Reached skill level 3 in Fighting
  2670 | D:4      | Reached skill level 3 in Throwing
  2803 | D:4      | Reached XP level 6. HP: 26/42 MP: 6/6
  3466 | D:4      | Found a staircase to the Ecumenical Temple.
  3510 | Temple   | Entered the Ecumenical Temple
  3607 | Temple   | Became a worshipper of Dithmenos the Shadowed
  3710 | D:5      | Entered Level 5 of the Dungeon
  3740 | D:5      | Found a shimmering altar of Xom.
  3746 | D:5      | Noticed a black bear
  3757 | D:5      | Reached skill level 3 in Dodging
  3803 | D:5      | Found a basalt altar of Yredelemnul.
  3824 | D:5      | Killed a black bear
  3825 | D:5      | Reached skill level 3 in Long Blades
  3825 | D:5      | Reached skill level 7 in Stealth
  3825 | D:5      | Reached XP level 7. HP: 44/47 MP: 7/7
  3887 | D:5      | Identified the +1 robe of Gilesig {Harm *Slow rPois rN+}
  4015 | D:5      | Reached skill level 4 in Throwing
  4459 | D:6      | Reached skill level 4 in Fighting
  4604 | D:6      | Noticed a steam dragon
  4615 | D:6      | Killed a steam dragon
  4616 | D:6      | Reached skill level 1 in Evocations
  4616 | D:6      | Reached XP level 8. HP: 54/54 MP: 8/8
  4673 | D:6      | Reached * piety under Dithmenos
  4689 | D:6      | Reached skill level 4 in Dodging
  4736 | D:6      | Reached skill level 4 in Long Blades
  4736 | D:6      | Reached skill level 8 in Stealth
  4736 | D:6      | Reached skill level 2 in Evocations
  4753 | D:6      | Identified the +3 flail "Kerchel" {vorpal, rPois rF++ rN+
                  | Stlth-}
  5285 | D:7      | Noticed Pikel
  5285 | D:7      | Noticed a wyvern
  5611 | D:7      | Killed a wyvern
  5612 | D:7      | Reached skill level 5 in Throwing
  5797 | D:7      | Reached skill level 5 in Fighting
  5797 | D:7      | Reached skill level 3 in Evocations
  5948 | D:7      | Reached XP level 9. HP: 61/61 MP: 9/9
  6358 | D:7      | Found a shimmering blue altar of Sif Muna.
  6358 | D:7      | Found a sacrificial altar of Ru.
  6591 | D:7      | Reached skill level 5 in Dodging
  6731 | D:7      | Killed Pikel
  6732 | D:7      | Reached skill level 5 in Long Blades
  6732 | D:7      | Reached skill level 9 in Stealth
  6732 | D:7      | Reached skill level 4 in Evocations
  6912 | D:8      | Found a runed translucent door.
  6913 | D:8      | Noticed a catoblepas
  6914 | D:8      | Noticed DEFE's ghost (novice DsWn)
  7620 | D:8      | Reached skill level 6 in Throwing
  7738 | D:8      | Reached ** piety under Dithmenos
  7877 | D:9      | Noticed a kobold demonologist
  7882 | D:9      | Reached skill level 6 in Fighting
  8003 | D:8      | Killed a kobold demonologist
  8004 | D:8      | Reached XP level 10. HP: 57/68 MP: 10/10
  8047 | D:9      | Reached skill level 6 in Dodging
  8082 | D:9      | Reached skill level 10 in Stealth
  8082 | D:9      | Reached skill level 5 in Evocations
  8251 | D:9      | Found a glowing silver altar of Zin.
  8590 | D:9      | Reached skill level 6 in Long Blades
  8615 | D:9      | Noticed an orange demon
  8620 | D:9      | Noticed Amaemon
  8647 | D:9      | HP: 3/69 [yak (11)]
  9670 | D:9      | Killed an orange demon
  9683 | D:9      | Killed Amaemon
  9684 | D:9      | Reached skill level 7 in Throwing
  9757 | D:9      | Found a staircase to the Orcish Mines.
  9939 | D:10     | Entered Level 10 of the Dungeon
  9939 | D:10     | Noticed a fire crab
  9945 | D:10     | Engulfed by a fire crab (shapeshifter)'s flame

Illustrated notes

Levels and vault maps discovered:
D:1:      spicycebolla_arrival_xxxplode, layout_basic
D:2:      layout_basic, serial_forest, infiniplex_forest_clump_curved,
          infiniplex_forest_pool, infiniplex_forest_straight_2,
          infiniplex_forest_clump_cross, infiniplex_forest_3_way,
          infiniplex_forest_lined_4_way, infiniplex_forest_lined_room_,
          minivault_27
D:3:      layout_basic, gammafunk_ghost_mausoleum, hangedman_decor_lopped
D:4:      layout_loops_corners, minmay_temple_entry_poolview
D:5:      layout_loops_cross, xom_teletrap_fun,
          mainiacjoe_overflow_six_doors_small
D:6:      minmay_angry_zag, layout_basic
D:7:      layout_basic, gammafunk_temple_overflow_pools, uniq_pikel
D:8:      layout_gridville, ebering_ghost_inner_flame
D:9:      layout_basic, mainiacjoe_overflow_concentric_impassable, david_orc_4,
          uniq_amaemon
D:10:     layout_loops_ring, david_lair_shrubbed
Temple:   minmay_temple_bridge_d

Skill      XL: |  1  2  3  4  5  6  7  8  9 10 |
---------------+-------------------------------+-----
Long Blades    | 1 2 3 4 5 6 |  6.5
Dodging        | 2 3 4 5 6 |  6.6
Stealth        | 6 7 8 9 10 | 10.7
Fighting       | 3 4 5 6 |  6.9
Throwing       | 3 4 5 6 7 |  7.1
Evocations     | 1 3 4 5 |  5.9
Short Blades   | |  2.0

Action                   |  1- 3 |  4- 6 |  7- 9 | 10-12 || total
-------------------------+-------+-------+-------+-------++-------
Melee: Dagger            |    22 |       |    37 |       ||    59
       Constrict         |    10 |    19 |    38 |    16 ||    83
       Tentacles         |     5 |    15 |    69 |    35 ||   124
       Short sword       |    24 |    98 |   183 |    91 ||   396
       Punch             |     1 |     1 |     7 |       ||     9
       Flail             |       |       |     9 |     7 ||    16
Throw: Dart              |       |     6 |    11 |    33 ||    50
Evoke: Wand              |       |       |       |     2 ||     2
  Use: Scroll            |       |     6 |     1 |     2 ||     9
       Potion            |       |       |     3 |     5 ||     8
 Stab: Sleeping          |    10 |    19 |    14 |     2 ||    45
       Distracted        |       |       |     1 |       ||     1
Armor: Skin              |     2 |     2 |     6 |     6 ||    16
Dodge: Dodged            |    22 |    28 |   126 |    53 ||   229
Block: Other             |       |     6 |    44 |    19 ||    69
       Reflection        |       |       |     1 |       ||     1

Table legend: (Time is in decaauts)
 A = Elapsed time spent in this place.
 B = Non-inter-level travel time spent in this place.
 C = Inter-level travel time spent in this place.
 D = Time resting spent in this place.
 E = Time spent auto-exploring this place.
 F = Levels seen in this place.
 G = Mean time per level.
                   A        B        C        D        E       F      G
               +--------+--------+--------+--------+--------+-----+--------+
         Total |   9865 |   9275 |    590 |   2296 |   5298 |  11 |  896.8 |
       Dungeon |   9695 |   9205 |    490 |   2296 |   5236 |  10 |  969.5 |
        Temple |    169 |     70 |     99 |      0 |     62 |   1 |  169.0 |
               +--------+--------+--------+--------+--------+-----+--------+

Top non-repeatable levels by time:
     D:9: 1591 daAuts
     D:8: 1415 daAuts
     D:7: 1257 daAuts
     D:6: 1189 daAuts
     D:4: 1126 daAuts
     D:3: 893 daAuts
     D:2: 828 daAuts
     D:5: 713 daAuts
     D:1: 675 daAuts
  Temple: 169 daAuts
    D:10: 5 daAuts
